 Dungeon Crawl Stone Soup version 0.26-a0-505-g732bf3b8d2 (webtiles) character file.

Game seed: 9673384266129086337

2187 Gargoyl the Skirmisher (level 9, 0/74 HPs)
             Began as a Gnoll Abyssal Knight on Aug 9, 2020.
             Was a Priest of Lugonu.
             Slain by an ice beast (8 damage)
             ... on level 6 of the Dungeon.
             The game lasted 00:13:59 (8599 turns).

Gargoyl the Skirmisher (Gnoll Abyssal Knight)       Turns: 8599, Time: 00:14:01

Health: 0/74       AC: 17    Str: 18      XL:     9   Next: 33%
Magic:  15/15      EV:  7    Int: 14      God:    Lugonu [***...]
Gold:   417        SH:  0    Dex: 13 (15) Spells: 16/16 levels left

rFire    . . .     SeeInvis +   a - +1 hand axe
rCold    . . .     Faith    .   (no shield)
rNeg     . . .     Spirit   .   g - +0 plate armour
rPois    .         Reflect  .   b - +0 helmet {SInv}
rElec    .         Harm     .   n - +0 cloak
rCorr    .                      (no gloves)
MR       .....                  i - +1 pair of boots
Stlth    ..........             (no amulet)
HPRegen  0.22/turn              (no ring)
MPRegen  0.14/turn              (no ring)

@: no status effects
A: distributed training, fangs 1, strong nose
a: Depart the Abyss, Bend Space, Banish, Renounce Religion


You were on level 6 of the Dungeon.
You worshipped Lugonu.
Lugonu was most pleased with you.
You visited 1 branch of the dungeon, and saw 6 of its levels.
You visited the Abyss 2 times.
You also visited: Sewer.

You collected 417 gold pieces.

Inventory:

Hand Weapons
 a - a +1 hand axe (weapon)
 r - a +0 war axe
Missiles
 h - 9 boomerangs (quivered)
Armour
 b - a +0 helmet of see invisible (worn)
 g - a +0 plate armour (worn)
 i - a +1 pair of boots (worn)
 n - a +0 cloak (worn)
Jewellery
 t - the cursed ring of the Everdark {rN++ AC-4, unknown}
   (You found it on level 6 of the Dungeon)

   [ring of protection]

   It affects your AC (-4).
   It greatly protects you from negative energy.
   It has a curse placed upon it.
 u - an uncursed amulet of magic regeneration {unknown}
 w - a cursed ring of protection from magic {unknown}
Wands
 m - a wand of polymorph (2)
 o - a wand of flame (14)
Scrolls
 e - 3 scrolls of identify
 k - a scroll of immolation
 q - 5 scrolls of remove curse
 v - a scroll of teleportation {unknown}
Potions
 c - 3 potions of curing
 d - a potion of berserk rage
 f - a potion of haste
 j - a potion of brilliance
 l - 2 potions of magic {unknown}
 p - a potion of flight {unknown}


   Skills:
 + Level 7.8 Fighting
 + Level 4.1 Short Blades
 + Level 4.1 Long Blades
 + Level 6.2 Axes
 + Level 4.1 Maces & Flails
 + Level 4.1 Polearms
 + Level 4.1 Staves
 + Level 4.1 Slings
 + Level 4.1 Bows
 + Level 4.1 Crossbows
 + Level 4.1 Throwing
 + Level 6.2 Armour
 + Level 4.9 Dodging
 + Level 4.1 Stealth
 + Level 4.1 Shields
 + Level 4.1 Unarmed Combat
 + Level 4.1 Spellcasting
 + Level 3.4 Conjurations
 + Level 3.4 Hexes
 + Level 3.4 Summonings
 + Level 3.4 Necromancy
 + Level 3.4 Translocations
 + Level 3.4 Transmutations
 + Level 3.4 Fire Magic
 + Level 3.4 Ice Magic
 + Level 3.4 Air Magic
 + Level 3.4 Earth Magic
 + Level 3.4 Poison Magic
 + Level 6.5 Invocations
 + Level 4.1 Evocations


You had 16 spell levels left.
You didn't know any spells.
Your spell library was empty.

Dungeon Overview and Level Annotations

Branches:
Dungeon (6/15)              Sewer (visited)
 Temple: D:4-7

Altars:
Ashenzari
Gozag
Makhleb
Nemelex Xobeh
Qazlal
Ru
Trog
Vehumet
Xom


Innate Abilities, Weirdness & Mutations

Your experience applies equally to all skills.
You have very sharp teeth.
Your uncanny sense of smell can sniff out nearby items.


Message History

The ice beast hits you but does no damage.
You barely miss the ice beast.
The ice beast is almost dead.
The ice beast hits you but does no damage.
You hit the ice beast but do no damage.
The ice beast is almost dead.
The ice beast barely misses you.
You hit the ice beast but do no damage. You bite the ice beast.
The ice beast is almost dead.
The ice beast hits you.
* * * LOW HITPOINT WARNING * * *
The ice beast freezes you!
* * * LOW HITPOINT WARNING * * *
You hit the ice beast but do no damage.
You bite the ice beast, but do no damage.
The ice beast is almost dead.
The ice beast hits you.
* * * LOW HITPOINT WARNING * * *
The ice beast freezes you!
You die...

...[..######.###...###.#
..(..........# #.......#
..###.####.### #########
..###.# #.#
...##.####.#######
###.#............# #
#.########.###.# ## .
###.#######.#.##.# ..#.(
...........###.#@###.#.#
............#..#Y#.....#
#....#####.#.#.#O#.....#.
#..........(..#..........
#.)..#####.#.#.#.#.......
#.#.## #.#.#.).#....(..
....######...#.#####<#...
#..........#.#. .# ..
#...#.......... # .


You could see an ice beast and an ogre.

Vanquished Creatures
  Grinder (D:6)
  Eustachio (D:6)
  A steam dragon (D:4)
  An ice beast (D:4)
  2 phantoms (D:6)
  A necrophage (D:6)
  3 ogres
  Blork the orc (D:4)
  3 bullfrogs
  2 orc priests (D:4)
  Crazy Yiuf (D:3)
  A gnoll shaman (D:5)
  An iguana (D:4)
  Natasha (thrice) (D:4)
  4 orc wizards
  2 worker ants (D:4)
  Robin (D:4)
  4 gnolls
  12 adders
  2 shadow imps (D:6)
  10 oozes
  An adder skeleton (D:4)
  2 worms (D:2)
  15 leopard geckos
  20 orcs
  11 ball pythons
  8 bats
  15 giant cockroaches
  14 goblins
  6 hobgoblins
  9 jackals (D:2)
  9 kobolds
  A quokka (D:2)
  17 frilled lizards
  7 rats
192 creatures vanquished.

Vanquished Creatures (others)
  A wizard (D:6)
  A porcupine (D:4)
  An orc warrior (D:6)
  A centaur (D:6)
  An adder (D:6)
5 creatures vanquished.

Grand Total: 197 creatures vanquished

Notes
Turn   | Place    | Note
-------+----------+-------------------------------------------
     0 | Abyss:1  | Gargoyl the Gnoll Abyssal Knight began the quest for the
                  | Orb.
     0 | Abyss:1  | Reached XP level 1. HP: 23/23 MP: 3/3
    91 | Abyss:1  | Noticed an apocalypse crab
   123 | Abyss:1  | Noticed an ancient zyme
   139 | Abyss:1  | Noticed a worldbinder
   142 | Abyss:1  | Noticed a warg
   142 | Abyss:1  | Noticed a warg
   143 | Abyss:1  | Noticed an orc priest
   143 | Abyss:1  | Noticed an orc priest
   143 | Abyss:1  | Noticed a troll
   144 | D:1      | Escaped the Abyss
   469 | D:1      | Reached XP level 2. HP: 25/29 MP: 5/5
   481 | D:1      | Reached * piety under Lugonu
   743 | D:1      | Reached XP level 3. HP: 17/35 MP: 6/6
  1529 | D:2      | Reached skill level 1 in Short Blades
  1529 | D:2      | Reached skill level 1 in Long Blades
  1529 | D:2      | Reached skill level 1 in Maces & Flails
  1529 | D:2      | Reached skill level 1 in Polearms
  1529 | D:2      | Reached skill level 1 in Staves
  1529 | D:2      | Reached skill level 1 in Slings
  1529 | D:2      | Reached skill level 1 in Bows
  1529 | D:2      | Reached skill level 1 in Crossbows
  1529 | D:2      | Reached skill level 1 in Throwing
  1529 | D:2      | Reached skill level 1 in Stealth
  1529 | D:2      | Reached skill level 1 in Shields
  1529 | D:2      | Reached skill level 1 in Unarmed Combat
  1529 | D:2      | Reached skill level 1 in Spellcasting
  1529 | D:2      | Reached skill level 1 in Evocations
  1529 | D:2      | Reached XP level 4. HP: 41/41 MP: 7/7
  1894 | D:2      | Reached skill level 1 in Conjurations
  1894 | D:2      | Reached skill level 1 in Hexes
  1894 | D:2      | Reached skill level 1 in Summonings
  1894 | D:2      | Reached skill level 1 in Necromancy
  1894 | D:2      | Reached skill level 1 in Translocations
  1894 | D:2      | Reached skill level 1 in Transmutations
  1894 | D:2      | Reached skill level 1 in Fire Magic
  1894 | D:2      | Reached skill level 1 in Ice Magic
  1894 | D:2      | Reached skill level 1 in Air Magic
  1894 | D:2      | Reached skill level 1 in Earth Magic
  1894 | D:2      | Reached skill level 1 in Poison Magic
  2123 | D:2      | Reached ** piety under Lugonu
  2353 | D:2      | Reached XP level 5. HP: 47/47 MP: 8/8
  2784 | D:3      | Found a glowing drain.
  2793 | Sewer    | Entered a sewer
  3105 | Sewer    | Reached skill level 5 in Invocations
  3119 | Sewer    | Reached XP level 6. HP: 52/53 MP: 9/9
  3123 | Sewer    | Reached *** piety under Lugonu
  3398 | Sewer    | Reached skill level 5 in Axes
  3398 | Sewer    | Reached skill level 5 in Armour
  3593 | D:3      | Found a sacrificial altar of Ru.
  3961 | D:3      | Found a runed translucent door.
  3962 | D:3      | Noticed Crazy Yiuf
  4122 | D:3      | Paralysed by Crazy Yiuf for 2 turns
  4127 | D:3      | Killed Crazy Yiuf
  4395 | D:4      | Noticed Natasha
  4408 | D:4      | Killed Natasha
  4581 | D:4      | Noticed Dowan
  4582 | D:4      | Noticed Dowan
  4582 | D:4      | Dowan changed into Dowan the ooze
  4584 | D:4      | Noticed Duvessa
  4586 | D:4      | Killed Dowan the ooze
  4589 | D:4      | Noticed Duvessa
  4589 | D:4      | Duvessa changed into Duvessa the bullfrog
  4593 | D:4      | Killed Duvessa the bullfrog
  4593 | D:4      | Reached skill level 7 in Fighting
  4593 | D:4      | Reached XP level 7. HP: 39/60 MP: 10/10
  4815 | D:4      | Noticed a steam dragon
  4815 | D:4      | an orc priest changed into a steam dragon
  4899 | D:4      | Killed a steam dragon
  5397 | D:4      | Noticed Natasha
  5415 | D:4      | Killed Natasha
  5590 | D:4      | Reached XP level 8. HP: 67/67 MP: 12/12
  5620 | D:4      | Noticed Blork the orc
  5629 | D:4      | Killed Blork the orc
  6027 | D:4      | Noticed Robin
  6036 | D:4      | Reached **** piety under Lugonu
  6037 | D:4      | Cast into level 1 of the Abyss (Robin)
  6072 | Abyss:1  | Noticed a tentacled starspawn
  6093 | Abyss:1  | Noticed an angel
  6095 | Abyss:1  | Got a brightly glowing fustibalus
  6096 | D:4      | Escaped the Abyss
  6129 | D:4      | HP: 2/67 [ogre/+0 giant spiked club (13)]
  6166 | D:4      | Killed Robin
  6550 | D:4      | Identified the +1 fustibalus "Qioseyg" {freeze, Dex+7} (You
                  | found it on level 1 of the Abyss)
  6721 | D:4      | Noticed Natasha
  6724 | D:4      | Killed Natasha
  6891 | D:5      | Entered Level 5 of the Dungeon
  6965 | D:5      | Found a stormy altar of Qazlal.
  7301 | D:6      | Found a radiant altar of Vehumet.
  7305 | D:6      | Found a sparkling altar of Nemelex Xobeh.
  7389 | D:6      | Got a scorched brass ring
  7447 | D:6      | Noticed Grinder
  7730 | D:6      | Reached XP level 9. HP: 65/73 MP: 14/14
  7774 | D:6      | Noticed Eustachio
  7832 | D:6      | Found a shattered altar of Ashenzari.
  7837 | D:6      | Found an opulent altar of Gozag.
  7837 | D:6      | Found a burning altar of Makhleb.
  7858 | D:6      | Killed Eustachio
  8040 | D:6      | Found a shimmering altar of Xom.
  8280 | D:6      | Paralysed by Grinder for 2 turns
  8292 | D:6      | Paralysed by Grinder for 6 turns
  8307 | D:6      | Killed Grinder
  8544 | D:6      | Found a bloodstained altar of Trog.
  8545 | D:6      | Noticed a wizard
  8550 | D:6      | Killed a wizard
  8599 | D:6      | Slain by an ice beast

Illustrated notes

Levels and vault maps discovered:
D:1:      lightli_arrival_quake, layout_basic
D:2:      layout_basic, serial_curves, eino_curves_03, eino_curves_02,
          minivault_27
D:3:      layout_loops_ring, hangedman_ru_absence, portal_sewer_entry_d,
          uniq_crazy_yiuf_cottage
D:4:      kennysheep_six_static_rooms, layout_cave_pods, uniq_natasha,
          uniq_robin, uniq_duvessa, uniq_blork_the_orc
D:5:      layout_rooms, basic_altar
D:6:      layout_loops_ring, xom_confusion_cloud, grunt_temple_overflow_open,
          nicolae_overflow_hidden_temple, trog_wizard, uniq_grinder,
          uniq_eustachio

Skill      XL: |  1  2  3  4  5  6  7  8  9 |
---------------+----------------------------+-----
Short Blades   | 1 2 3 4 |  4.1
Long Blades    | 1 2 3 4 |  4.1
Maces & Flails | 1 2 3 4 |  4.1
Polearms       | 1 2 3 4 |  4.1
Staves         | 1 2 3 4 |  4.1
Slings         | 1 2 3 4 |  4.1
Bows           | 1 2 3 4 |  4.1
Crossbows      | 1 2 3 4 |  4.1
Throwing       | 1 2 3 4 |  4.1
Stealth        | 1 2 3 4 |  4.1
Shields        | 1 2 3 4 |  4.1
Unarmed Combat | 1 2 3 4 |  4.1
Spellcasting   | 1 2 3 4 |  4.1
Evocations     | 1 2 3 4 |  4.1
Conjurations   | 1 2 3 |  3.4
Hexes          | 1 2 3 |  3.4
Summonings     | 1 2 3 |  3.4
Necromancy     | 1 2 3 |  3.4
Translocations | 1 2 3 |  3.4
Transmutations | 1 2 3 |  3.4
Fire Magic     | 1 2 3 |  3.4
Ice Magic      | 1 2 3 |  3.4
Air Magic      | 1 2 3 |  3.4
Earth Magic    | 1 2 3 |  3.4
Poison Magic   | 1 2 3 |  3.4
Dodging        | 3 4 |  4.9
Invocations    | 5 6 |  6.5
Axes           | 5 6 |  6.2
Armour         | 5 6 |  6.2
Fighting       | 7 |  7.8

Action                   |  1- 3 |  4- 6 |  7- 9 || total
-------------------------+-------+-------+-------++-------
Melee: Hand axe          |    63 |   309 |   288 ||   660
       Bite              |     8 |    33 |    39 ||    80
       Punch             |       |       |     2 ||     2
 Fire: Fustibalus        |       |       |    71 ||    71
Throw: Boomerang         |       |       |     9 ||     9
Invok: Depart the Abyss  |     1 |       |     1 ||     2
       Banish            |       |       |     1 ||     1
       Bend Space        |       |       |     1 ||     1
Evoke: Wand              |       |     4 |     3 ||     7
  Use: Scroll            |     4 |     9 |     1 ||    14
       Potion            |     1 |       |     5 ||     6
Armor: Leather armour    |    13 |       |       ||    13
       Scale mail        |    21 |    29 |       ||    50
       Plate armour      |       |   199 |   296 ||   495
       Skin              |       |       |     7 ||     7
Dodge: Dodged            |    56 |   144 |   170 ||   370

Table legend: (Time is in decaauts)
 A = Elapsed time spent in this place.
 B = Non-inter-level travel time spent in this place.
 C = Inter-level travel time spent in this place.
 D = Time resting spent in this place.
 E = Time spent auto-exploring this place.
 F = Levels seen in this place.
 G = Mean time per level.
                   A        B        C        D        E       F      G
               +--------+--------+--------+--------+--------+-----+--------+
         Total |   8752 |   8570 |    182 |   2348 |   4366 |   9 |  972.4 |
       Dungeon |   7678 |   7496 |    182 |   2048 |   3979 |   6 | 1279.7 |
         Abyss |    200 |    200 |      0 |      0 |    122 |   2 |  100.0 |
         Sewer |    874 |    874 |      0 |    300 |    265 |   1 |  874.0 |
               +--------+--------+--------+--------+--------+-----+--------+

Top non-repeatable levels by time:
     D:4: 2550 daAuts
     D:1: 1242 daAuts
     D:2: 1231 daAuts
     D:6: 1172 daAuts
     D:3: 935 daAuts
   Sewer: 874 daAuts
     D:5: 546 daAuts
 Abyss:1: 200 daAuts
